 Dungeon Crawl Stone Soup version 0.27.0-1-g7a089689b8 (webtiles) character file.

Game seed: 15114101589768312944

55 Malachi the Insei (level 3, -2/42 HPs)
             Began as a Gnoll Transmuter on Aug 15, 2021.
             Slain by an adder (3 damage)
             ... on level 2 of the Dungeon.
             The game lasted 00:03:17 (3267 turns).

Malachi the Insei (Gnoll Transmuter)                Turns: 3267, Time: 00:03:18

Health: -2/42      AC:  2    Str:  9    XL:     3   Next: 93%
Magic:  9/9        EV: 13    Int: 13    God:
Gold:   106        SH:  0    Dex: 12    Spells: 11/12 levels left

rFire    . . .     SeeInvis .   p - staff of cold
rCold    + . .     Faith    .   (no shield)
rNeg     . . .     Spirit   .   a - +0 robe
rPois    .         Reflect  .   (helmet currently unavailable)
rElec    .         Harm     .   (no cloak)
rCorr    .         Rampage  .   (no gloves)
Will     .....                  (boots currently unavailable)
Stlth    ..........             (no amulet)
HPRegen  0.14/turn              (no ring)
MPRegen  0.11/turn              (no ring)

@: berserking, lethally poisoned (-2 -> -13), appendages (expiring), flying,
very quick
A: horns 2, talons 2, fangs 1, strong nose, distributed training
a: End Transformation


You were on level 2 of the Dungeon.
You had temporarily grown beastly horns and talons.
You visited 1 branch of the dungeon, and saw 2 of its levels.

You collected 106 gold pieces.

Inventory:

Hand Weapons
 b - a +0 club
 i - a +0 hunting sling
 j - a +0 spear
Missiles
 d - 18 bolts
Armour
 a - a +0 robe (worn)
 f - a +0 helmet (melded)
Magical Staves
 p - a staff of cold (weapon)
Wands
 m - a wand of flame (17)
 q - a wand of charming (8)
Scrolls
 e - a scroll of magic mapping {unknown}
 g - a scroll of vulnerability {unknown}
 l - a scroll of fear {unknown}
 n - a scroll of identify {unknown}
Potions
 k - a potion of degeneration {unknown}
 o - a potion of attraction {unknown}


   Skills:
 + Level 2.6 Fighting
 + Level 1.0 Short Blades
 + Level 1.0 Long Blades
 + Level 1.0 Axes
 + Level 1.0 Maces & Flails
 + Level 1.0 Polearms
 + Level 1.0 Staves
 + Level 1.0 Slings
 + Level 1.0 Bows
 + Level 1.0 Crossbows
 + Level 1.0 Throwing
 + Level 1.0 Armour
 + Level 4.6 Dodging
 + Level 1.0 Stealth
 + Level 1.0 Shields
 + Level 6.5 Unarmed Combat
 + Level 5.0 Spellcasting
 + Level 0.7 Conjurations
 + Level 0.7 Hexes
 + Level 0.7 Summonings
 + Level 0.7 Necromancy
 + Level 0.7 Translocations
 + Level 3.8 Transmutations
 + Level 0.7 Fire Magic
 + Level 0.7 Ice Magic
 + Level 0.7 Air Magic
 + Level 0.7 Earth Magic
 + Level 0.7 Poison Magic
 + Level 1.0 Invocations
 + Level 1.0 Evocations


You had 11 spell levels left.
You knew the following spells:

 Your Spells              Type           Power      Damage    Failure   Level
a - Beastly Appendage     Tmut           26%        N/A       4%          1

Your spell library contained the following spells:

 Spells                   Type           Power      Damage    Failure   Level
 Wereblood                Tmut           13%        N/A       6%          2
 Animate Skeleton         Necr           10%        N/A       14%         1
 Pain                     Necr           20%        1d5       14%         1
 Spider Form              Tmut/Pois      4%         N/A       22%         3
 Vampiric Draining        Necr           2%         2d6       38%         3
 Ice Form                 Ice/Tmut       13%        N/A       58%         4


Dungeon Overview and Level Annotations

Branches:
Dungeon (2/15)

Altars:

Shops:
D:2 ?


Innate Abilities, Weirdness & Mutations

You have temporarily grown beastly horns and talons.
You have very sharp teeth.
Your uncanny sense of smell can sniff out nearby items.
Your experience applies equally to all skills.


Message History

The adder completely misses you. The adder closely misses you.
You miss the adder. Your headbutt misses the adder.
The adder barely misses you.
You miss the adder. Your kick misses the adder. The adder closely misses you.
The adder bites you.
You are poisoned.
The adder poisons you!
You barely miss the adder.
You feel sick. The adder bites you.
You are more poisoned.
The adder poisons you!
You are too injured to fight recklessly!
You are too injured to fight recklessly!
You are too injured to fight recklessly!
It was a potion of flight.
You feel very buoyant.
You fly up into the air.
You feel sick. The adder bites you.
You are lethally poisoned!
The adder poisons you! The adder bites you but does no damage.
It was a potion of berserk rage.
A red film seems to cover your vision as you go berserk!
You feel yourself moving faster!
You feel mighty!
Your transformation is almost over.
* * * LOW HITPOINT WARNING * * *
You feel very sick. The adder bites you.
* * * LOW HITPOINT WARNING * * *
You are more poisoned.
The adder poisons you!
You are too berserk!
You closely miss the adder. Your headbutt misses the adder.
Your bite misses the adder.
* * * LOW HITPOINT WARNING * * *
You feel very sick. The adder bites you.
* * * LOW HITPOINT WARNING * * *
You hit the adder!
The adder is severely wounded.
* * * LOW HITPOINT WARNING * * *
You feel sick. The adder bites you.
You die...

#..####>.......#
#... #..# #.#..###.#
#### #..#
##.#..##### #...
#..# #)........#
#... #..#
#..#.###### #...
#..# #..#.######
####
#..###..#......#
#.........#########.
#####
#.####......@S......
)....
#.##...##.######.###
..### ###.##...##.#
#...##...##.#
#.#.##.......
#.........#.##.#
....
###.'######...##.#
.....#
.)..#..†..##).##.#
#. #...#
##..#.(...#.#....#
#. #...###


You could see an adder.

Vanquished Creatures
  2 worms (D:2)
  2 dart slugs
  3 bats
  2 endoplasms
  2 giant cockroaches (D:1)
  4 goblins
  4 hobgoblins
  7 jackals (D:1)
  A kobold (D:2)
  3 quokkas
  4 ball pythons
  A frilled lizard (D:2)
  5 rats
40 creatures vanquished.

Notes
Turn   | Place    | Note
-------+----------+-------------------------------------------
     0 | D:1      | Malachi the Gnoll Transmuter began the quest for the Orb.
     0 | D:1      | Reached XP level 1. HP: 17/17 MP: 6/6
   389 | D:1      | Reached XP level 2. HP: 14/23 MP: 5/7
   967 | D:1      | Reached XP level 3. HP: 15/28 MP: 9/9
   974 | D:1      | Reached skill level 5 in Spellcasting
  2248 | D:2      | Found a faded altar of an unknown god.
  2333 | D:2      | Reached skill level 1 in Invocations
  2529 | D:2      | Found Woghuit's Magic Scroll Emporium.
  2716 | D:2      | Reached skill level 1 in Short Blades
  2716 | D:2      | Reached skill level 1 in Long Blades
  2716 | D:2      | Reached skill level 1 in Axes
  2716 | D:2      | Reached skill level 1 in Maces & Flails
  2716 | D:2      | Reached skill level 1 in Polearms
  2716 | D:2      | Reached skill level 1 in Staves
  2716 | D:2      | Reached skill level 1 in Slings
  2716 | D:2      | Reached skill level 1 in Bows
  2716 | D:2      | Reached skill level 1 in Crossbows
  2716 | D:2      | Reached skill level 1 in Throwing
  2716 | D:2      | Reached skill level 1 in Armour
  2716 | D:2      | Reached skill level 1 in Stealth
  2716 | D:2      | Reached skill level 1 in Shields
  2716 | D:2      | Reached skill level 1 in Evocations
  3267 | D:2      | HP: 1/42 [poisoned by an adder]
  3267 | D:2      | Slain by an adder

Illustrated notes

Levels and vault maps discovered:
D:1:      elethiomel_arrival_maze, layout_basic, corexii_leaking_fountain
D:2:      layout_basic, hellmonk_ecumenical_altar_leap_of_faith, serial_shops,
          nicolae_shop_crystal, dk_noncrumbling_3, minmay_3d_cube,
          uniq_crazy_yiuf_cottage

Skill      XL: |  1  2  3 |
---------------+----------+-----
Spellcasting   | 5 |  5.0
Invocations    | 1 |  1.0
Short Blades   | 1 |  1.0
Long Blades    | 1 |  1.0
Axes           | 1 |  1.0
Maces & Flails | 1 |  1.0
Polearms       | 1 |  1.0
Staves         | 1 |  1.0
Slings         | 1 |  1.0
Bows           | 1 |  1.0
Crossbows      | 1 |  1.0
Throwing       | 1 |  1.0
Armour         | 1 |  1.0
Stealth        | 1 |  1.0
Shields        | 1 |  1.0
Evocations     | 1 |  1.0
Fighting       | |  2.6
Dodging        | |  4.6
Unarmed Combat | |  6.5
Conjurations   | |  0.7
Hexes          | |  0.7
Summonings     | |  0.7
Necromancy     | |  0.7
Translocations | |  0.7
Transmutations | |  3.8
Fire Magic     | |  0.7
Ice Magic      | |  0.7
Air Magic      | |  0.7
Earth Magic    | |  0.7
Poison Magic   | |  0.7

Action                   || total
-------------------------++-------
Melee: Club              ||    81
       Unarmed           ||     9
       Kick              ||    23
       Bite              ||    19
       Headbutt          ||     9
       Spear             ||    75
       Staff             ||    20
       Punch             ||     1
 Cast: Beastly Appendage ||    23
  Use: Potion            ||     2
 Stab: Sleeping          ||     2
Armor: Robe              ||    47
Dodge: Dodged            ||   145
